 Dungeon Crawl Stone Soup version 0.18.1-48-g4cf74bf (webtiles) character file.

235 Alarkh the Slasher (level 5, -4/38 HPs)
             Began as a Mummy Skald on Sept 13, 2016.
             Slain by an orc
             ... wielding a +0 short sword
              (8 damage)
             ... on level 3 of the Dungeon.
             The game lasted 00:05:45 (2868 turns).

Alarkh the Slasher (Mummy Skald)                    Turns: 2868, Time: 00:05:46

Health: -4/38      AC:  3    Str: 15    XL:     5   Next: 76%
Magic:  5/8        EV: 11    Int: 13    God:
Gold:   112        SH:  0    Dex: 11    Spells: 3 memorised, 2 levels left

rFire  x . .     SeeInvis .     a - +1 falchion
rCold  + . .     Gourm    .     b - +0 leather armour
rNeg   + + +     Faith    .     (no shield)
rPois  ∞         Spirit   .     (no helmet)
rElec  .         Dismiss  .     (no cloak)
rCorr  .         Reflect  .     (no gloves)
SustAt .         Harm     .     (no boots)
MR     .....                    r - amulet of regeneration
Stlth  +.........               (no ring)
                                (no ring)

@: very slightly contaminated, not resistant to hostile enchantments, very
unstealthy
A: no food or potions, fire vulnerability, cold resistance 1, negative energy
resistance 3, torment resistance, unbreathing
a: no special abilities


You were on level 3 of the Dungeon.
You were not hungry.

You visited 1 branch of the dungeon, and saw 4 of its levels.

You collected 112 gold pieces.

Inventory:

Hand Weapons
 a - a +1 falchion (weapon)
Armour
 b - a +0 leather armour (worn)
 l - a +0 helmet
Jewellery
 j - an uncursed amulet of magic regeneration
 r - an amulet of regeneration (around neck)
Scrolls
 d - 2 scrolls of enchant weapon
 e - a scroll of identify
 f - a scroll of magic mapping
Books
 c - a book of Battle

   Spells                             Type                      Level
   a - Infusion                       Charms                       1
   b - Shroud of Golubria             Charms/Translocation         2
   c - Song of Slaying                Charms                       2
   d - Spectral Weapon                Hexes/Charms                 3
   e - Regeneration                   Charms/Necromancy            3


   Skills:
 - Level 2.0 Fighting
 + Level 5.0 Long Blades
 - Level 0.7 Armour
 - Level 0.7 Dodging
 - Level 2.0 Spellcasting
 - Level 2.4 Charms


You had 2 spell levels left.
You knew the following spells:

 Your Spells              Type           Power        Failure   Level  Hunger
a - Infusion              Chrm           #...         14%         1    N/A
b - Shroud of Golubria    Chrm/Tloc      #.........   30%         2    N/A
c - Spectral Weapon       Hex/Chrm       #.......     65%         3    N/A

Dungeon Overview and Level Annotations

Branches:
Dungeon (4/15)
 Temple: D:4-7

Altars:
Makhleb


Innate Abilities, Weirdness & Mutations

You do not eat or drink.
Your flesh is vulnerable to fire.
You are immune to poison.
Your flesh is cold resistant.
You are immune to negative energy.
You are immune to unholy pain and torment.
You can survive without breathing.


Message History

Your spectral weapon fades away.
You aren't carrying any items that you can evoke.
Read which item? (? for menu, Esc to quit)
As you read the scroll labeled GUASOE NICSAAGA, it crumbles to dust.
You hear a loud clanging noise!
It was a scroll of noise.
The orc hits you but does no damage. The orc hits you but does no damage.
The orc closely misses you. The orc misses you.
The orc hits you with a short sword.
* * * LOW HITPOINT WARNING * * *
The orc hits you but does no damage. The orc closely misses you.
The orc closely misses you. The orc hits you but does no damage.
The orc barely misses you. The orc hits you with a short sword.
* * * LOW HITPOINT WARNING * * *
The orc hits you with a short sword!
You die...

####).#####....
#.<....# ..
#.)o...#
#......#
#......#
#......#
###{#### #o#
#@# ###


You could see 2 orcs.

Vanquished Creatures
  An ogre (D:2)
  A gnoll (D:1)
  7 adders
  A worm (D:3)
  2 dart slugs
  2 giant geckos
  4 orcs
  11 hobgoblins
  4 jackals
  5 kobolds
  3 quokkas (D:2)
  9 bats
  2 giant newts
  7 goblins
  3 rats (D:1)
62 creatures vanquished.

Notes
Turn   | Place    | Note
--------------------------------------------------------------
     0 | D:1      | Alarkh the Mummy Skald began the quest for the Orb.
     0 | D:1      | Reached XP level 1. HP: 16/16 MP: 3/3
   305 | D:1      | Reached skill level 2 in Long Blades
   318 | D:1      | Reached XP level 2. HP: 12/22 MP: 0/5
   758 | D:1      | Reached XP level 3. HP: 20/27 MP: 1/6
   929 | D:1      | Reached skill level 3 in Long Blades
  1321 | D:2      | Found a burning altar of Makhleb.
  1543 | D:2      | Learned a level 2 spell: Shroud of Golubria
  1547 | D:2      | Learned a level 3 spell: Spectral Weapon
  1660 | D:2      | Reached XP level 4. HP: 26/33 MP: 3/7
  1925 | D:3      | Noticed an ogre
  1999 | D:3      | Reached skill level 4 in Long Blades
  2269 | D:4      | Noticed an ogre
  2782 | D:2      | Killed an ogre
  2782 | D:2      | Reached XP level 5. HP: 11/38 MP: 1/8
  2783 | D:2      | Reached skill level 5 in Long Blades
  2868 | D:3      | Slain by an orc

Skill      XL: |  1  2  3  4  5 |
---------------+----------------+-----
Long Blades    | 2 3 4 5 |  5.0
Fighting       | |  2.0
Armour         | |  0.7
Dodging        | |  0.7
Spellcasting   | |  2.0
Charms         | |  2.4

Action                   |  1- 3 |  4- 6 || total
-------------------------+-------+-------++-------
Melee: Falchion          |   121 |    73 ||   194
 Cast: Infusion          |    18 |     7 ||    25
       Spectral Weapon   |       |     3 ||     3
       Shroud of Golubri |       |     1 ||     1
  Use: Scroll            |     2 |     6 ||     8
 Stab: Sleeping          |     1 |       ||     1
Armor: Leather armour    |    46 |    31 ||    77
Dodge: Dodged            |    94 |    86 ||   180
